AoeStats
← Rafaelbdoo

Arena

504667588Analyzed
1v1 RM · 28d ago on Sep 6, 2026· 22m 5s· 2 players
Game mode
Random Map
Map size
Tiny (2 player)
Population
200
Speed
Normal
Resources
Standard
Victory
Conquest
Starting age
Dark Age
Ending age
Imperial Age
RankedLock teamsTeams togetherTeam positionsShared explorationLock speedFull tech treeHidden civsTurbo modeCheats
Victory
Defeat
🇻🇳 Portuguese · Vietnam
919
+15
🇧🇷 Spanish · Brazil
896
-42
Rafaelbdoo
9:24 Feudal Age
10:54 Double-Bit Axe
19:26 Castle Age
20:47 Bloodlines
21:05 Light Cavalry
nguyenductuqtqt
10:14 Feudal Age
14:16 Castle Age
13:17 Double-Bit Axe
14:18 Loom
Connection lost

Rejoining the realm…

Still unreachable

The connection could not be restored.

Session expired

The server has moved on; the page needs a fresh start.